Map: [ESL] Hard Lead

Players

Cham

  • Race: Zerg Zerg
  • Spawn Location: 5:00

Future - Winner!

  • Race: Terran Terran
  • Spawn Location: 11:00

Event: ESL SC2 Masters 2023 Winter (Finals)

VOD

Have the link to the VOD?

Description

Time

  • Played on: Dec. 15, 2023, 2:38 p.m.
  • Length: 13:06

All games in this series

Show
View Real Time Build Order
Export as new Build Order

Cham Zerg 

Build Orders: Hatch First 

Get SALT Encoding   

  12  0:00  Drone  
  13  0:13  Overlord  
  13  0:17  Drone  
  14  0:31  Drone x2  
  16  0:48  Hatchery  
  15  0:51  Drone  
  15  0:55  Drone  
  17  1:03  Drone  
  18  1:12  Spawning Pool  
  18  1:15  Extractor  
  18  1:17  Drone  
  17  1:23  Drone  
  18  1:29  Drone  
  19  1:40  Drone  
  20  1:51  Drone  
  21  1:59  Queen  
  21  2:00  Queen  
  26  2:01  Zergling x4  
  27  2:11  Drone, Overlord  
  28  2:23  Hatchery  
  28  2:27  Drone  
  28  2:31  Metabolic Boost  
  28  2:36  Drone  
  29  2:39  Overlord  
  29  2:40  Drone  
  30  2:47  Queen  
  32  2:53  Drone x2  
  32  2:57  Drone  
  34  3:04  Drone x2  
  34  3:05  Drone  
  37  3:08  Drone x3  
  40  3:15  Overlord  
  40  3:19  Drone  
  41  3:23  Queen  
  43  3:28  Overlord  
  43  3:33  Queen  
  45  3:34  Queen  
  47  3:43  Overlord  
  47  3:46  Drone x4  
  51  3:50  Zergling x2  
  51  3:51  Zergling x6  
  55  4:00  Drone, Queen  
  58  4:04  Zergling x2, Drone  
  58  4:09  Drone  
  61  4:10  Queen  
  61  4:16  Drone x4, Queen  
  67  4:19  Drone x3  
  67  4:22  Overlord  
  72  4:28  Drone x2  
  74  4:33  Extractor, Spore Crawler  
  74  4:35  Spore Crawler, Overlord  
  74  4:36  Spore Crawler  
  74  4:37  Drone  
  71  4:38  Drone  
  71  4:39  Drone x2  
  74  4:46  Zergling x2  
  74  4:47  Overlord  
  74  4:49  Drone  
  74  4:50  Drone  
  74  4:51  Lair  
  76  4:53  Drone  
  76  4:55  Zergling x2  
  76  4:56  Zergling x6  
  81  5:03  Zergling x2  
  76  5:09  Drone  
  76  5:15  Drone  
  76  5:18  Drone  
  74  5:23  Drone  
  74  5:24  Drone x3  
  74  5:25  Drone  
  74  5:26  Drone  
  74  5:27  Drone x2  
  79  5:31  Drone x2  
  79  5:34  Extractor  
  80  5:37  Drone, Extractor, Evolution Chamber x2  
  80  5:38  Extractor, Baneling Nest  
  80  5:40  Spore Crawler  
  80  5:42  Drone  
  76  5:44  Hatchery  
  76  5:48  Overlord  
  75  5:51  Drone x5  
  75  5:54  Overseer  
  75  5:56  Overlord  
  79  6:03  Zerg Melee Weapons Level 1, Zerg Ground Armor Level 1  
  79  6:04  Drone x3  
  79  6:07  Overlord  
  82  6:12  Drone  
  82  6:14  Drone x2  
  82  6:15  Zergling x6  
  88  6:21  Zergling x4  
  88  6:22  Zergling x4  
  88  6:25  Overlord  
  92  6:29  Zergling x6, Centrifugal Hooks  
  92  6:30  Zergling x2  
  96  6:34  Drone  
  96  6:36  Zergling x2  
  97  6:41  Baneling x5  
  97  6:42  Baneling  
  97  6:46  Zergling x12  
  104  6:47  Zergling x2  
  104  6:50  Infestation Pit  
  104  6:51  Drone  
  104  6:52  Drone  
  105  7:00  Zergling x8  
  105  7:01  Zergling x4, Baneling x2  
  111  7:02  Baneling x2  
  111  7:06  Drone x2  
  111  7:07  Overlord  
  113  7:10  Drone x3  
  116  7:16  Zergling x2  
  116  7:18  Baneling x4  
  116  7:21  Zergling x12  
  122  7:23  Drone  
  122  7:24  Overlord  
  122  7:25  Drone x2  
  125  7:31  Zergling x2  
  125  7:32  Zergling x2, Hatchery  
  125  7:34  Baneling x2  
  125  7:36  Zergling x12  
  128  7:40  Zergling x4  
  124  7:44  Baneling x2  
  124  7:49  Drone x4  
  118  7:52  Zergling x2  
  118  7:53  Zergling x2  
  118  7:55  Zergling x8  
  118  7:57  Baneling x9  
  122  8:00  Zergling x2  
  122  8:03  Zergling x2  
  122  8:04  Zergling x8  
  126  8:08  Zergling x10  
  112  8:20  Zergling x10  
  112  8:25  Zergling x2  
  112  8:26  Zergling x2  
  109  8:32  Zergling x12, Zerg Melee Weapons Level 2, Zerg Ground Armor Level 2  
  104  8:38  Zergling x4  
  104  8:39  Zergling x6, Baneling x2  
  104  8:40  Baneling x2  
  104  8:41  Baneling x3  
  104  8:42  Baneling  
  104  8:44  Hatchery  
  101  8:50  Zergling x14  
  108  8:58  Zergling x6  
  108  9:00  Baneling x5  
  108  9:01  Overlord  
  111  9:03  Burrow  
  111  9:04  Hatchery  
  111  9:08  Zergling x2  
  111  9:09  Zergling x8  
  111  9:11  Baneling x6  
  111  9:15  Drone  
  112  9:18  Zergling x4  
  112  9:19  Zergling x8  
  112  9:22  Overlord  
  112  9:23  Infestor x2  
  122  9:27  Drone x2  
  122  9:29  Infestor  
  126  9:35  Infestor x2  
  126  9:37  Baneling x2  
  129  9:41  Zergling x4  
  129  9:42  Zergling x6  
  133  9:45  Baneling  
  133  9:46  Baneling x4  
  133  9:49  Zergling x2  
  133  9:50  Zergling x8  
  138  9:53  Overlord  
  138  9:55  Zergling x2  
  139  10:00  Drone  
  139  10:01  Hydralisk Den  
  139  10:03  Zergling x8, Extractor  
  139  10:05  Baneling  
  139  10:06  Baneling x3  
  142  10:08  Drone x2  
  142  10:11  Zergling x8  
  148  10:15  Infestor  
  148  10:16  Infestor  
  148  10:17  Zergling x10  
  148  10:19  Baneling x3  
  152  10:28  Zergling x22  
  146  10:31  Baneling  
  146  10:32  Baneling x7  
  146  10:33  Zergling x2  
  146  10:34  Zergling x4  
  145  10:38  Zergling x2  
  145  10:39  Zergling x12  
  149  10:42  Zergling x2  
  149  10:43  Zergling x4  
  149  10:44  Grooved Spines  
  149  10:47  Drone, Hydralisk  
  149  10:48  Zergling x2  
  155  10:53  Hydralisk x3  
  155  10:55  Zergling x4  
  155  10:57  Drone  
  161  11:05  Hatchery  
  161  11:08  Hydralisk x4  
  161  11:09  Zergling x4  
  143  11:24  Hydralisk  
  143  11:25  Hydralisk x7  
  142  11:26  Zergling x8  
  152  11:34  Hive  
  152  11:35  Drone x2, Muscular Augments  
  152  11:37  Hydralisk x2  
  152  11:38  Zergling x6  
  152  11:39  Zergling x4  
  153  11:49  Infestor x5  
  153  11:50  Zergling x2  
  153  11:51  Zergling x12, Hatchery  
  154  11:54  Zergling x8  
  156  12:02  Zergling x8  
  156  12:06  Overlord  
  156  12:07  Overlord  
  160  12:13  Hatchery  
  158  12:19  Infestor x5  
  158  12:20  Zergling x2  
  158  12:21  Zergling x12  
  141  12:24  Zergling x4  
  141  12:30  Zergling x4  
  141  12:31  Zergling x8  
  141  12:35  Baneling x4  
  147  12:37  Zergling x6  
  147  12:38  Zergling x2  
  151  12:49  Zergling x2  
Show
View Real Time Build Order
Export as new Build Order

Future Terran - Winner!

Build Orders: Command Center First, Hellion Banshee 

Get SALT Encoding   

  12  0:00  SCV  
  13  0:12  SCV  
  14  0:17  Supply Depot  
  14  0:24  SCV  
  15  0:38  SCV  
  16  0:50  SCV  
  17  0:58  Command Center  
  17  1:03  SCV  
  18  1:11  Barracks  
  18  1:15  SCV  
  19  1:20  Refinery  
  19  1:27  SCV  
  19  1:28  Refinery  
  20  1:39  SCV  
  21  1:52  SCV  
  22  1:57  Marine  
  23  2:06  Orbital Command  
  23  2:07  Factory  
  23  2:11  Orbital Command  
  23  2:21  Barracks Reactor  
  23  2:31  SCV  
  25  2:37  SCV  
  25  2:43  SCV  
  26  2:49  SCV  
  27  2:55  SCV  
  27  2:58  Supply Depot  
  30  2:59  Starport  
  30  3:01  SCV  
  30  3:05  Hellion x2  
  33  3:07  SCV  
  33  3:08  Barracks Tech Lab  
  34  3:13  SCV  
  34  3:19  SCV  
  36  3:22  Supply Depot  
  36  3:25  SCV  
  36  3:26  Hellion x2  
  41  3:31  SCV  
  41  3:33  Barracks Tech Lab  
  42  3:37  SCV  
  42  3:40  Banshee, Cloaking Field  
  46  3:43  SCV  
  46  3:44  Supply Depot  
  46  3:47  Hellion  
  49  3:49  Hellion, SCV  
  49  3:53  Stimpack  
  49  3:55  Marine  
  53  3:56  SCV  
  54  4:05  SCV  
  54  4:08  SCV  
  54  4:09  Hellion  
  58  4:11  Hellion, Supply Depot  
  58  4:13  Marine  
  61  4:18  SCV  
  62  4:29  Command Center  
  62  4:32  Banshee, SCV x2  
  62  4:36  Barracks  
  62  4:38  Barracks  
  67  4:44  SCV x2  
  69  4:47  Engineering Bay x2  
  69  4:55  Refinery  
  69  4:56  Marine  
  69  4:57  Refinery  
  70  5:02  SCV x2  
  70  5:04  Factory Reactor  
  66  5:14  SCV  
  66  5:15  SCV  
  66  5:16  Terran Infantry Weapons Level 1  
  66  5:17  Terran Infantry Armor Level 1  
  66  5:18  Marine  
  62  5:22  Barracks x2  
  62  5:27  SCV x2  
  62  5:28  Starport Reactor  
  58  5:36  Supply Depot, Marine  
  58  5:38  Marine x2  
  58  5:39  Combat Shield, SCV x2  
  63  5:42  Orbital Command  
  63  5:48  Marine  
  63  5:49  Marine  
  65  5:50  Siege Tank  
  65  5:51  SCV x2  
  65  5:54  Marine  
  71  5:58  Supply Depot  
  71  5:59  Supply Depot, Marine x2  
  71  6:03  SCV x2  
  75  6:06  Marine x2  
  75  6:08  Orbital Command  
  75  6:10  Barracks Reactor  
  77  6:11  Marine  
  77  6:15  Barracks Reactor, SCV  
  77  6:17  Medivac x2  
  83  6:19  SCV  
  83  6:20  Marine  
  83  6:21  Marine  
  83  6:22  Siege Tank, Supply Depot  
  83  6:24  Marine x2  
  91  6:28  Supply Depot  
  91  6:29  Marine, Supply Depot, SCV  
  91  6:31  SCV  
  94  6:34  SCV  
  94  6:35  Armory  
  94  6:38  Marine  
  94  6:39  Marine  
  97  6:42  Marine x2  
  97  6:45  SCV x2  
  97  6:47  Marine, SCV  
  102  6:49  Marine x2  
  108  6:54  Siege Tank  
  108  6:56  Marine  
  108  6:57  SCV x2  
  108  6:59  SCV  
  112  7:01  Marine x2, Supply Depot  
  112  7:02  Supply Depot x2  
  112  7:03  Marine x2  
  116  7:09  SCV  
  116  7:11  Factory, Refinery x2  
  116  7:12  Marine  
  118  7:16  Marine  
  118  7:17  Marine x3  
  118  7:19  Marine x2  
  118  7:21  Marine  
  125  7:24  Medivac  
  125  7:26  Siege Tank  
  125  7:27  Marine  
  131  7:30  Marine  
  131  7:34  Marine  
  131  7:35  Marine  
  134  7:38  Marine  
  134  7:39  Marine  
  134  7:42  Command Center  
  136  7:48  Marine  
  136  7:49  Marine x4  
  135  7:52  Marine  
  135  7:53  Marine  
  135  7:56  Marine  
  135  7:57  Marine  
  135  7:58  Siege Tank  
  139  7:59  Factory Tech Lab  
  139  8:06  Marine x4  
  139  8:08  Marine  
  134  8:12  Marine  
  134  8:13  Marine  
  134  8:14  Marine  
  134  8:15  Marine  
  112  8:24  Marine x4  
  112  8:26  Marine  
  106  8:30  Marine  
  106  8:31  Marine  
  106  8:32  Marine x2  
  96  8:35  SCV  
  96  8:37  SCV  
  96  8:39  SCV  
  98  8:42  Marine x4  
  98  8:44  Marine  
  98  8:48  Marine x2, SCV  
  104  8:49  Terran Infantry Weapons Level 2, SCV  
  104  8:50  Marine  
  108  8:56  Marine  
  108  9:00  Terran Infantry Armor Level 2, Marine  
  108  9:01  SCV x3  
  109  9:11  Marine x2  
  109  9:13  SCV x3  
  109  9:14  Marine x2  
  116  9:18  Siege Tank x2, Marine x5  
  116  9:22  Planetary Fortress  
  127  9:25  SCV x2  
  127  9:29  Marine x2  
  127  9:31  Marine, SCV  
  132  9:32  Marine  
  132  9:36  Marine x4  
  132  9:37  SCV x2  
  140  9:39  Medivac  
  140  9:40  Medivac  
  140  9:42  Marine, Supply Depot  
  140  9:44  Concussive Shells  
  145  9:47  Marine x2  
  145  9:49  Marine  
  145  9:50  Siege Tank  
  151  9:53  Barracks  
  151  9:55  Barracks, Marauder  
  151  9:56  Barracks  
  151  9:59  SCV x2  
  155  10:01  SCV x2  
  155  10:03  Supply Depot  
  155  10:04  Supply Depot  
  157  10:07  Siege Tank  
  157  10:10  Marine  
  157  10:13  Sensor Tower  
  161  10:14  SCV x2  
  161  10:16  Marauder  
  161  10:17  SCV x2  
  167  10:26  SCV  
  165  10:31  Siege Tank  
  165  10:34  Marine  
  165  10:37  Marauder  
  165  10:41  SCV x2  
  165  10:42  Marine  
  168  10:46  Siege Tank  
  172  10:57  Barracks Tech Lab  
  172  10:58  Barracks Tech Lab x2  
  172  10:59  Marauder  
  172  11:01  Marine x2  
  172  11:02  Marine x6  
  172  11:03  Siege Tank, Command Center x2  
  182  11:12  Medivac x2  
  181  11:19  Marine x2  
  181  11:20  Siege Tank, Marauder, Marine x6  
  181  11:24  Marauder x2  
  181  11:25  Marauder  
  189  11:34  Command Center  
  189  11:35  Siege Tank  
  189  11:37  Marine x3  
  192  11:41  Marauder  
  192  11:42  Medivac  
  192  11:43  Medivac  
  192  11:45  Marine  
  192  11:46  Marine x2  
  196  11:54  Marine  
  196  11:55  Marauder  
  196  11:56  Marine  
  196  12:00  Siege Tank  
  196  12:15  Marauder x2  
  200  12:17  Missile Turret  
  200  12:18  Siege Tank  
  200  12:19  Marauder, Medivac x2  
  186  12:22  Marine  
  186  12:23  Marine, Marauder  
  186  12:24  Marine  
  188  12:32  Sensor Tower, Marine  
  188  12:35  Marine x4  
  188  12:36  Marauder x2  
  197  12:38  Ghost Academy  
  197  12:40  Marauder, Marine  
  198  12:53  Barracks x2  
  198  12:56  Barracks  
Tags
 
Add a new tag
Caveats
  • Supply blocks, unpowered buildings, or Contaminate may cause inaccurate times.
  • Supply counts are checked every 10 seconds.